 Dungeon Crawl Stone Soup version 0.28-a0-479-g5baa6b73be (webtiles) character file.

Game seed: 13109669080248913350

491 Dabor the Cudgeller (level 6, -4/62 HPs)
             Began as a Troll Berserker on Sept 18, 2021.
             Was a Believer of Trog.
             Succumbed to a sea snake's poison
             ... on level 4 of the Dungeon.
             The game lasted 00:03:31 (2881 turns).

Dabor the Cudgeller (Troll Berserker)               Turns: 2881, Time: 00:03:32

Health: -4/62      AC:  7    Str: 26    XL:     6   Next: 91%
Magic:  5/5        EV: 11    Int:  3    God:    Trog [**....]
Gold:   104        SH:  5    Dex: 11    Spells: 5/5 levels left

rFire   . . .      SeeInvis .   d - +3 quarterstaff (chaos)
rCold   . . .      Faith    .   (shield currently unavailable)
rNeg    . . .      Spirit   .   b - +0 animal skin
rPois   .          Reflect  +   c - +2 hat
rElec   .          Harm     .   g - +0 cloak
rCorr   .          Rampage  .   (gloves unavailable)
Will    .....                   (boots unavailable)
Stlth   +.........              n - amulet of reflection
HPRegen 1.20/turn               (no ring)
MPRegen 0.09/turn               (no ring)

@: lethally poisoned (-4 -> -82)
A: large, unfitting armour, claws 3, regeneration 1, shaggy fur 1, tough skin 1
a: Renounce Religion, Berserk, Trog's Hand


You were on level 4 of the Dungeon.
You worshipped Trog.
Trog was pleased with you.
You visited 1 branch of the dungeon, and saw 6 of its levels.

You collected 104 gold pieces.

Inventory:

Hand Weapons
 a - a +0 mace
 d - a +3 quarterstaff of chaos (weapon)
Armour
 b - a +0 animal skin (worn)
 c - a +2 hat (worn)
 g - a +0 cloak (worn)
Jewellery
 n - an amulet of reflection (around neck)
Potions
 e - 2 potions of degeneration {unknown}
 f - 3 potions of attraction {unknown}
 h - a potion of lignification {unknown}
 i - 2 potions of curing {unknown}
 j - 2 potions of haste {unknown}
 k - a potion of magic {unknown}
 l - a potion of resistance {unknown}
 o - a potion of might {unknown}


   Skills:
 + Level 4.2 Fighting
 + Level 4.6 Maces & Flails
 + Level 4.2 Dodging


You had 5 spell levels left.
You didn't know any spells.
Your spell library was empty.

Dungeon Overview and Level Annotations

Branches:
Dungeon (6/15)
 Temple: D:4-7

Altars:
Qazlal


Innate Abilities, Weirdness & Mutations

You are too large for most types of armour.
You have claws for hands.
Your natural rate of healing is unusually fast.
You are covered in fur. (AC +1)
You have tough skin. (AC +1)


Message History

Found a stone staircase leading up.
There is a stone staircase leading down here.
Found 28 stones.
A centaur skeleton comes into view.
The hobgoblin hits you but does no damage.
You hit the hobgoblin.
The hobgoblin is moderately wounded.
You block the hobgoblin's attack.
You hit the hobgoblin.
The hobgoblin changes into a glowing shapeshifter!
The glowing shapeshifter changes into a sea snake!
An iguana comes into view.
You closely miss the sea snake. You block the sea snake's attack.
The orc closely misses you.
You sock the sea snake!
The sea snake seems to speed up.
The sea snake is lightly wounded.
The sea snake misses you. The sea snake bites you!
You are poisoned.
The sea snake poisons you!
The centaur skeleton hits you but does no damage.
You block the centaur skeleton's attack.
The orc hits you but does no damage. Space warps horribly around you!
You sock the sea snake! You burn the sea snake.
The sea snake is moderately wounded.
You feel extremely sick. The sea snake bites you.
You are more poisoned.
The sea snake poisons you! The centaur skeleton hits you.
* * * LOW HITPOINT WARNING * * *
You block the centaur skeleton's attack.
The orc hits you but does no damage. Space bends around you.
* * * LOW HITPOINT WARNING * * *
The sea snake barely misses you.
The centaur skeleton hits you but does no damage.
You block the centaur skeleton's attack.
Okay, then.
As you read the scroll labelled XABOOF HIMIL, it crumbles to dust.
It is a scroll of amnesia.
You feel forgetful for a moment.
You die...

#.. #..#####
#......##
.#.......##
..........#
..........##
........>..##
...l.......<#
.......@Z...#
(.....So...>...
.............##
...?....!..<..#
.............##
...........###
..........##
..........#


You could see a sea snake shaped shifter (fast), an iguana, an orc and a centaur
skeleton.

Vanquished Creatures
  A black bear (D:5)
  A sky beast (D:5)
  Crazy Yiuf (D:2)
  2 orc priests (D:3)
  An orc wizard (D:3)
  Robin (D:3)
  4 adders
  7 gnolls
  A white imp (D:6)
  3 worms
  2 dart slugs
  3 orcs
  7 ball pythons
  3 bats
  6 endoplasms
  A giant cockroach (D:1)
  4 hobgoblins
  7 jackals
  3 quokkas (D:1)
  5 frilled lizards
  11 goblins
  3 kobolds
  4 rats (D:1)
81 creatures vanquished.

Vanquished Creatures (others)
  A plant (D:3)
1 creature vanquished.

Grand Total: 82 creatures vanquished

Notes
Turn   | Place    | Note
-------+----------+-------------------------------------------
     0 | D:1      | Dabor the Troll Berserker began the quest for the Orb.
     0 | D:1      | Reached XP level 1. HP: 22/22 MP: 0/0
   254 | D:1      | Reached XP level 2. HP: 29/29 MP: 1/1
   771 | D:2      | Reached XP level 3. HP: 36/36 MP: 2/2
   879 | D:2      | Found a runed translucent door.
   880 | D:2      | Noticed Crazy Yiuf
  1003 | D:2      | Reached ** piety under Trog
  1166 | D:2      | Found a faded altar of an unknown god.
  1362 | D:2      | Reached XP level 4. HP: 21/45 MP: 3/3
  2082 | D:2      | Killed Crazy Yiuf
  2186 | D:3      | Noticed Robin
  2193 | D:3      | Killed Robin
  2194 | D:3      | Reached XP level 5. HP: 53/53 MP: 4/4
  2241 | D:3      | Found a stormy altar of Qazlal.
  2745 | D:3      | You fall into a shaft and drop 3 floors!
  2783 | D:5      | Entered Level 5 of the Dungeon
  2783 | D:5      | Noticed a sky beast
  2795 | D:5      | Killed a sky beast
  2796 | D:5      | Reached XP level 6. HP: 57/62 MP: 5/5
  2877 | D:4      | Noticed a glowing shapeshifter
  2877 | D:4      | a hobgoblin changed into a glowing shapeshifter
  2877 | D:4      | Noticed a sea snake
  2877 | D:4      | a glowing shapeshifter changed into a sea snake
  2881 | D:4      | Succumbed to a sea snake's poison

Illustrated notes

Levels and vault maps discovered:
D:1:      wander_arrival_estate, layout_basic, hex_intersection
D:2:      layout_loops_corners, ebering_ecumenical_altar_box,
          uniq_crazy_yiuf_cottage
D:3:      layout_rooms, mainiacjoe_overflow_cross_hatched,
          minmay_misc_feat_roman, saegor_snake_ambush, uniq_robin
D:4:      layout_cave_pods, nicolae_ossuary_entry_giza, corner_web_ring,
          uniq_edmund
D:5:      layout_basic, kennysheep_generic_room_7
D:6:      layout_basic, amcnicky_altar_gilded, ashenzari_conservatory_becter,
          uniq_blork_the_orc, uniq_eustachio, uniq_menkaure

Skill      XL: |  1  2  3  4  5  6 |
---------------+-------------------+-----
Maces & Flails | 3 4 |  4.6
Dodging        | 3 4 |  4.2
Fighting       | 3 4 |  4.2

Action                   |  1- 3 |  4- 6 || total
-------------------------+-------+-------++-------
Melee: Mace              |   139 |     8 ||   147
       Quarterstaff      |       |   112 ||   112
  Use: Scroll            |       |     4 ||     4
 Stab: Sleeping          |     2 |       ||     2
Armor: Animal skin       |    61 |    53 ||   114
Dodge: Dodged            |    67 |    60 ||   127
Block: Other             |       |    14 ||    14

Table legend: (Time is in decaauts)
 A = Elapsed time spent in this place.
 B = Non-inter-level travel time spent in this place.
 C = Inter-level travel time spent in this place.
 D = Time resting spent in this place.
 E = Time spent auto-exploring this place.
 F = Levels seen in this place.
 G = Mean time per level.
                   A        B        C        D        E       F      G
               +--------+--------+--------+--------+--------+-----+--------+
         Total |   2953 |   2785 |    168 |    414 |   1739 |   6 |  492.2 |
       Dungeon |   2953 |   2785 |    168 |    414 |   1739 |   6 |  492.2 |
               +--------+--------+--------+--------+--------+-----+--------+

Top non-repeatable levels by time:
     D:2: 1415 daAuts
     D:1: 779 daAuts
     D:3: 613 daAuts
     D:5: 98 daAuts
     D:6: 38 daAuts
     D:4: 8 daAuts
